HSSL
SANTA FE HS CHIEFS @ TACOMA HS TORCHMEN
05/04/2030
 
TOP OF THE 1ST
Santa Fe HS Chiefs batting - Pitching for Tacoma HS Torchmen : RHP Bill Gogearty
Pitching: RHP Bill Gogearty
Batting: RHB Chris Ledoux 0-0: DOUBLE (Line Drive, 8LD)
Batting: RHB Juan Bannatyne 0-0: Ball
1-0: Called Strike
1-1: Called Strike
1-2: Ball
2-2: Ball
3-2: Base on Balls
Batting: SHB Victor Gaines 0-0: Ball
1-0: Ball
2-0: Foul Ball, location: 2F
2-1: Foul Ball, location: 2F
2-2: Ball
3-2: Fielders Choice at 2nd, 4-6 (Groundball, 34)
Chris Ledoux to third
Batting: RHB Anthony Scott 0-0: Called Strike
0-1: Called Strike
0-2: Ball
1-2: Ball
2-2: Strikes out swinging
Batting: RHB Dave Cooke 0-0: Called Strike
0-1: Swinging Strike
0-2: Ball
1-2: Foul Ball, location: 2F
1-2: Strikes out swinging
Top of the 1st over - 0 runs, 1 hit, 0 errors, 2 left on base; Santa Fe HS 0 - Tacoma HS 0
BOTTOM OF THE 1ST
Tacoma HS Torchmen batting - Pitching for Santa Fe HS Chiefs : RHP Mike Shepherd
Pitching: RHP Mike Shepherd
Batting: RHB Bruce Cooper 0-0: Ball
1-0: Ball
2-0: Called Strike
2-1: Ball
3-1: Swinging Strike
3-2: Foul Ball, location: 2F
3-2: Base on Balls
Batting: RHB Bobby Jackson 0-0: Ball
1-0: Ball
2-0: Called Strike
2-1: Foul Ball, location: 2F
2-2: Foul Ball, location: 2F
2-2: Ball
3-2: Strikes out swinging
Batting: RHB Glenn Browne 0-0: Ball
1-0: Called Strike
1-1: Ball
Wild Pitch!
Bruce Cooper to second
2-1: Foul Ball, location: 2F
2-2: Strikes out swinging
Batting: RHB Jim Lipscomb 0-0: Foul Ball, location: 2F
0-1: Ball
1-1: Ground out 6-3 (Groundball, 6)
Bottom of the 1st over - 0 runs, 0 hits, 0 errors, 1 left on base; Santa Fe HS 0 - Tacoma HS 0
TOP OF THE 2ND
Santa Fe HS Chiefs batting - Pitching for Tacoma HS Torchmen : RHP Bill Gogearty
Batting: RHB Bryan Tillman 0-0: Swinging Strike
0-1: Foul Ball, location: 2F
0-2: Ball
1-2: Strikes out swinging
Batting: RHB Stanley Austin 0-0: Called Strike
0-1: Ball
1-1: Swinging Strike
1-2: Ball
2-2: Foul Ball, location: 2F
2-2: Foul Ball, location: 2F
2-2: Ground out 5-3 (Groundball, 56)
Batting: RHB Ken Walters 0-0: Called Strike
0-1: Foul Ball, location: 2F
0-2: Ball
1-2: Ground out 5-3 (Groundball, 56)
Top of the 2nd over - 0 runs, 0 hits, 0 errors, 0 left on base; Santa Fe HS 0 - Tacoma HS 0
BOTTOM OF THE 2ND
Tacoma HS Torchmen batting - Pitching for Santa Fe HS Chiefs : RHP Mike Shepherd
Batting: LHB Joseph Wood 0-0: Foul Ball, location: 2F
0-1: Ball
1-1: Called Strike
1-2: Strikes out looking
Batting: RHB David Carter 0-0: Ground out 5-3 (Groundball, 56)
Batting: LHB Ben Underwood 0-0: Ball
1-0: Called Strike
1-1: Ball
2-1: Fly out, F7 (Flyball, 7LM)
Bottom of the 2nd over - 0 runs, 0 hits, 0 errors, 0 left on base; Santa Fe HS 0 - Tacoma HS 0
TOP OF THE 3RD
Santa Fe HS Chiefs batting - Pitching for Tacoma HS Torchmen : RHP Bill Gogearty
Batting: RHB Bruce Cunningham 0-0: Ball
1-0: Called Strike
1-1: Foul Ball, location: 2F
1-2: Foul Ball, location: 2F
1-2: Foul Ball, location: 2F
1-2: Ball
2-2: SINGLE (Groundball, 56D)
Batting: RHB Chris Ledoux 0-0: Ball
1-0: Ball
2-0: Ball
3-0: Foul Ball, location: 2F
3-1: Base on Balls
Bruce Cunningham to second
Batting: RHB Juan Bannatyne 0-0: Called Strike
0-1: Swinging Strike
0-2: Strikes out swinging
Batting: SHB Victor Gaines 0-0: Foul Ball, location: 2F
0-1: Ball
1-1: Ground out 4-3 (Groundball, 4S)
Bruce Cunningham to third
Chris Ledoux to second
Batting: RHB Anthony Scott 0-0: Foul Ball, location: 2F
0-1: Ball
1-1: Ground out 6-3 (Groundball, 6)
Top of the 3rd over - 0 runs, 1 hit, 0 errors, 2 left on base; Santa Fe HS 0 - Tacoma HS 0
BOTTOM OF THE 3RD
Tacoma HS Torchmen batting - Pitching for Santa Fe HS Chiefs : RHP Mike Shepherd
Batting: LHB Alberto Barrios 0-0: Called Strike
0-1: Ball
1-1: Swinging Strike
1-2: Foul Ball, location: 2F
1-2: Hit by Pitch
Batting: SHB Mike Burford 0-0: Ball
1-0: Ball
2-0: SINGLE (Groundball, 4MD)
Alberto Barrios to second
Batting: RHB Bruce Cooper 0-0: Ball
1-0: Ball
2-0: Ball
3-0: Called Strike
3-1: Base on Balls
Alberto Barrios to third
Mike Burford to second
Batting: RHB Bobby Jackson 0-0: Ball
1-0: Called Strike
1-1: Swinging Strike
1-2: Strikes out swinging
Batting: RHB Glenn Browne 0-0: Foul Ball, location: 2F
0-1: Ball
1-1: SINGLE (Groundball, 6MD)
Alberto Barrios scores
Mike Burford to third
Bruce Cooper to second
Runner from 3rd tries for Home, SAFE, no throw
Batting: RHB Jim Lipscomb 0-0: Swinging Strike
0-1: Ball
1-1: Ball
2-1: Ball
3-1: Base on Balls
Bruce Cooper to third
Glenn Browne to second
Batting: LHB Joseph Wood 0-0: Ball
1-0: Ball
2-0: Foul Ball, location: 2F
2-1: Fly out, F8 (Flyball, 8RXD)
Runner from 3rd tags up, SCORES, no throw
Batting: RHB David Carter 0-0: Fly out, F5 (Popup, 56)
Bottom of the 3rd over - 3 runs, 2 hits, 0 errors, 2 left on base; Santa Fe HS 0 - Tacoma HS 3
TOP OF THE 4TH
Santa Fe HS Chiefs batting - Pitching for Tacoma HS Torchmen : RHP Bill Gogearty
Batting: RHB Dave Cooke 0-0: Ball
1-0: Swinging Strike
1-1: Ball
2-1: Ball
3-1: Base on Balls
Batting: RHB Bryan Tillman 0-0: Ball
1-0: Ball
2-0: Ball
Wild Pitch!
Dave Cooke to second
3-0: Called Strike
3-1: Base on Balls
Batting: RHB Stanley Austin 0-0: Ball
1-0: Foul Ball, location: 2F
1-1: Fly out, F9 (Flyball, 9D)
Batting: RHB Ken Walters 0-0: Ball
1-0: Foul Ball, location: 2F
1-1: Foul Ball, location: 2F
1-2: Fly out, F9 (Flyball, 89S)
Batting: RHB Bruce Cunningham 0-0: Ball
1-0: Fly out, F7 (Line Drive, 7S)
Top of the 4th over - 0 runs, 0 hits, 0 errors, 2 left on base; Santa Fe HS 0 - Tacoma HS 3
BOTTOM OF THE 4TH
Tacoma HS Torchmen batting - Pitching for Santa Fe HS Chiefs : RHP Mike Shepherd
Batting: LHB Ben Underwood 0-0: Ball
1-0: Ball
2-0: Called Strike
2-1: Swinging Strike
2-2: Ball
3-2: Foul Ball, location: 2F
3-2: Base on Balls
Batting: LHB Alberto Barrios 0-0: Ball
1-0: Ground out 3-1 (Groundball, 34S)
Ben Underwood to second
Batting: SHB Mike Burford 0-0: Ball
1-0: Ball
2-0: Ball
3-0: Called Strike
3-1: Base on Balls
Batting: RHB Bruce Cooper 0-0: Called Strike
0-1: Called Strike
0-2: SINGLE (Line Drive, 4MD)
Ben Underwood to third
Mike Burford to second
Batting: RHB Bobby Jackson 0-0: Fly out, F7 (Flyball, 7LSF)
Runner from 3rd tags up, SCORES, no throw
Batting: RHB Glenn Browne 0-0: Called Strike
0-1: Foul Ball, location: 2F
0-2: Strikes out swinging, 2-3 out at first.
Bottom of the 4th over - 1 run, 1 hit, 0 errors, 2 left on base; Santa Fe HS 0 - Tacoma HS 4
TOP OF THE 5TH
Santa Fe HS Chiefs batting - Pitching for Tacoma HS Torchmen : RHP Bill Gogearty
Batting: RHB Chris Ledoux 0-0: Ball
1-0: Called Strike
1-1: Called Strike
1-2: Ball
2-2: Foul Ball, location: 2F
2-2: Ground out 6-3 (Groundball, 6)
Pitching: RHP David Lange
Batting: RHB Juan Bannatyne 0-0: Ball
1-0: Foul Ball, location: 2F
1-1: Foul Ball, location: 2F
1-2: Fly out, F8 (Flyball, 8RD)
Batting: SHB Victor Gaines 0-0: Foul Ball, location: 2F
0-1: Hit by Pitch
Batting: RHB Anthony Scott 0-0: SINGLE (Line Drive, 8LS)
Victor Gaines to second
Batting: RHB Dave Cooke 0-0: Ball
1-0: Called Strike
1-1: Ball
2-1: Ball
3-1: Called Strike
3-2: Foul Ball, location: 2F
3-2: Reached on error, E3 (Groundball, 3)
Victor Gaines to third
Anthony Scott to second
Batting: RHB Bryan Tillman 0-0: Ball
1-0: Called Strike
1-1: Foul Ball, location: 2F
1-2: Strikes out looking
Top of the 5th over - 0 runs, 1 hit, 1 error, 3 left on base; Santa Fe HS 0 - Tacoma HS 4
BOTTOM OF THE 5TH
Tacoma HS Torchmen batting - Pitching for Santa Fe HS Chiefs : RHP Mike Shepherd
Pitching: LHP Elvis Alexander
Batting: RHB Jim Lipscomb 0-0: Fly out, F9 (Flyball, 9S)
Batting: LHB Joseph Wood 0-0: Foul Ball, location: 2F
0-1: Ball
1-1: Foul Ball, location: 2F
1-2: Foul Ball, location: 2F
1-2: Ball
2-2: Ball
3-2: Strikes out swinging, 2-3 out at first.
Batting: RHB David Carter 0-0: Ball
1-0: Fly out, F5 (Line Drive, 5)
Bottom of the 5th over - 0 runs, 0 hits, 0 errors, 0 left on base; Santa Fe HS 0 - Tacoma HS 4
TOP OF THE 6TH
Santa Fe HS Chiefs batting - Pitching for Tacoma HS Torchmen : RHP David Lange
Batting: RHB Stanley Austin 0-0: Foul Ball, location: 2F
0-1: Ball
1-1: Ball
2-1: Foul Ball, location: 2F
2-2: Ground out 6-3 (Groundball, 6)
Batting: RHB Ken Walters 0-0: Called Strike
0-1: Foul Ball, location: 2F
0-2: Ball
1-2: Strikes out swinging
Batting: RHB Bruce Cunningham 0-0: Ball
1-0: SINGLE (Line Drive, 56)
Batting: RHB Chris Ledoux 0-0: Ball
1-0: Swinging Strike
1-1: Ball
2-1: Swinging Strike
2-2: Ball
3-2: Foul Ball, location: 2F
3-2: Base on Balls
Bruce Cunningham to second
Batting: RHB Juan Bannatyne 0-0: Ball
1-0: Ball
2-0: Ground out 3-1 (Groundball, 34S)
Top of the 6th over - 0 runs, 1 hit, 0 errors, 2 left on base; Santa Fe HS 0 - Tacoma HS 4
BOTTOM OF THE 6TH
Tacoma HS Torchmen batting - Pitching for Santa Fe HS Chiefs : LHP Elvis Alexander
Batting: LHB Ben Underwood 0-0: Called Strike
0-1: Ball
1-1: Called Strike
1-2: Ball
2-2: Ball
3-2: Strikes out looking
Batting: LHB Alberto Barrios 0-0: Called Strike
0-1: Ball
1-1: Ball
2-1: Ball
3-1: Base on Balls
Batting: SHB Mike Burford 0-0: Ball
1-0: Ball
2-0: Foul Ball, location: 2F
2-1: Ball
3-1: Swinging Strike
3-2: Fly out, F9 (Flyball, 9S)
Batting: RHB Bruce Cooper 0-0: Ball
1-0: Ball
2-0: Swinging Strike
2-1: Ball
3-1: Foul Ball, location: 2F
3-2: 2-RUN HOME RUN (Flyball, 89D), Distance : 392 ft
Batting: RHB Bobby Jackson 0-0: Ball
1-0: Called Strike
1-1: Foul Ball, location: 2F
1-2: Foul Ball, location: 2F
1-2: Ball
2-2: Strikes out looking
Bottom of the 6th over - 2 runs, 1 hit, 0 errors, 0 left on base; Santa Fe HS 0 - Tacoma HS 6
TOP OF THE 7TH
Santa Fe HS Chiefs batting - Pitching for Tacoma HS Torchmen : RHP David Lange
Batting: SHB Victor Gaines 0-0: Called Strike
0-1: Ball
1-1: SINGLE (Groundball, 34D)
Batting: RHB Anthony Scott 0-0: Ball
1-0: Grounds into double play, 4-6-3 (Groundball, 4)
Batting: RHB Dave Cooke 0-0: Called Strike
0-1: Ball
1-1: Foul Ball, location: 2F
1-2: Fly out, F9 (Flyball, 9LD)
Top of the 7th over - 0 runs, 1 hit, 0 errors, 0 left on base; Santa Fe HS 0 - Tacoma HS 6
BOTTOM OF THE 7TH
Tacoma HS Torchmen batting - Pitching for Santa Fe HS Chiefs : LHP Elvis Alexander
Batting: RHB Glenn Browne 0-0: Called Strike
0-1: Ball
1-1: SINGLE (Flyball, 89S)
Batting: RHB Jim Lipscomb 0-0: Called Strike
0-1: Called Strike
Error on foul ball, E3
0-2: Ball
1-2: Fly out, F9 (Flyball, 9S)
Batting: LHB Joseph Wood 0-0: Single, Error in OF, E8, batter to second base
Glenn Browne to third
Batting: RHB David Carter 0-0: Swinging Strike
0-1: Foul Ball, location: 2F
0-2: Foul Ball, location: 2F
0-2: Ball
1-2: Ball
2-2: 3-RUN HOME RUN (Flyball, 7LD), Distance : 340 ft
Batting: LHB Ben Underwood 0-0: Fly out, F8 (Flyball, 89XD)
Batting: LHB Alberto Barrios 0-0: Foul Ball, location: 2F
0-1: Ball
1-1: Hit by Pitch
Batting: SHB Mike Burford 0-0: Called Strike
0-1: SINGLE (Groundball, 3S) (infield hit)
Alberto Barrios to second
Batting: RHB Bruce Cooper 0-0: Called Strike
0-1: SINGLE (Line Drive, 89M)
Alberto Barrios to third
Mike Burford to second
Runner from 3rd tries for Home, SAFE, no throw
Batting: RHB Bobby Jackson 0-0: Ball
1-0: Ball
2-0: Ball
3-0: Base on Balls
Mike Burford to third
Bruce Cooper to second
Batting: RHB Glenn Browne 0-0: DOUBLE (Flyball, 8RD)
Mike Burford scores
Bruce Cooper scores
Bobby Jackson to third
Runner from 3rd tries for Home, SAFE, no throw
Batting: RHB Jim Lipscomb 0-0: Ground out 1-3 (Groundball, 13)
Bottom of the 7th over - 7 runs, 6 hits, 2 errors, 1 left on base; Santa Fe HS 0 - Tacoma HS 13
TOP OF THE 8TH
Santa Fe HS Chiefs batting - Pitching for Tacoma HS Torchmen : RHP David Lange
Batting: RHB Bryan Tillman 0-0: Ball
1-0: Foul Ball, location: 2F
1-1: Called Strike
1-2: Ball
2-2: Ball
3-2: Base on Balls
Batting: RHB Stanley Austin 0-0: Fly out, F8 (Flyball, 89M)
Batting: RHB Ken Walters 0-0: Reached on error, E5 (Groundball, 56)
Bryan Tillman to second
Batting: RHB Bruce Cunningham 0-0: Hit by Pitch
Bryan Tillman to third
Ken Walters to second
Batting: RHB Chris Ledoux 0-0: Called Strike
0-1: Ball
1-1: Ball
2-1: Ball
3-1: Foul Ball, location: 2F
3-2: Base on Balls
Bryan Tillman scores
Ken Walters to third
Bruce Cunningham to second
Pitching: LHP Markus Brockmann
Batting: RHB Juan Bannatyne 0-0: Ball
1-0: Called Strike
1-1: Fly out, F9 (Flyball, 9S)
Batting: SHB Victor Gaines 0-0: GRAND SLAM HOME RUN (Flyball, 7D), Distance : 367 ft
Batting: RHB Anthony Scott 0-0: Foul Ball, location: 2F
0-1: Ball
1-1: Ball
2-1: Called Strike
2-2: Ball
3-2: Base on Balls
Batting: RHB Dave Cooke 0-0: Called Strike
0-1: Foul Ball, location: 2F
0-2: Ball
1-2: Ball
2-2: Ball
3-2: Fly out, F8 (Flyball, 8RXD)
Top of the 8th over - 5 runs, 1 hit, 1 error, 1 left on base; Santa Fe HS 5 - Tacoma HS 13
BOTTOM OF THE 8TH
Tacoma HS Torchmen batting - Pitching for Santa Fe HS Chiefs : LHP Elvis Alexander
Pitching: RHP Cris Soto
Batting: LHB Joseph Wood 0-0: Foul Ball, location: 2F
0-1: Ball
1-1: Ground out 3-1 (Groundball, 34S)
Batting: RHB David Carter 0-0: Ground out 5-3 (Groundball, 56)
Pitching: RHP Octávio Pinto
Batting: LHB Ben Underwood 0-0: Ball
1-0: Foul Ball, location: 2F
1-1: Ball
2-1: Ball
3-1: Base on Balls
Batting: LHB Alberto Barrios 0-0: Called Strike
0-1: Called Strike
0-2: Ball
1-2: Strikes out swinging
Bottom of the 8th over - 0 runs, 0 hits, 0 errors, 1 left on base; Santa Fe HS 5 - Tacoma HS 13
TOP OF THE 9TH
Santa Fe HS Chiefs batting - Pitching for Tacoma HS Torchmen : LHP Markus Brockmann
Batting: RHB Bryan Tillman 0-0: Ball
1-0: Swinging Strike
1-1: SINGLE (Groundball, 6MD)
Batting: RHB Stanley Austin 0-0: Ball
1-0: Ball
2-0: Ball
3-0: Base on Balls
Bryan Tillman to second
Batting: RHB Ken Walters 0-0: Ball
1-0: Called Strike
1-1: Fly out, F8 (Flyball, 78D)
Batting: RHB Bruce Cunningham 0-0: Ball
1-0: Fly out, F3 (Popup, 34)
Batting: RHB Chris Ledoux 0-0: Hit by Pitch
Bryan Tillman to third
Stanley Austin to second
Batting: RHB Juan Bannatyne 0-0: Swinging Strike
0-1: Swinging Strike
0-2: Strikes out swinging
Top of the 9th over - 0 runs, 1 hit, 0 errors, 3 left on base; Santa Fe HS 5 - Tacoma HS 13
Saturday, April 7th, 2018 - OOTP Baseball 18.8 Build 76